 Dungeon Crawl Stone Soup version 0.22.1-5-g62c59d9 (webtiles) character file.

28 JustSomeDude the Cutter (level 3, -1/26 HPs)
             Began as an Octopode Monk on Jan 14, 2019.
             Slain by a worm (10 damage)
             ... on level 2 of the Dungeon.
             The game lasted 00:01:41 (686 turns).

JustSomeDude the Cutter (Octopode Monk)              Turns: 686, Time: 00:01:41

Health: -1/26      AC:  1    Str:  8 (10) XL:     3   Next: 14%
Magic:  3/3        EV: 14    Int: 10 (12) God:
Gold:   62         SH:  0    Dex: 12 (15) Spells: 2/2 levels left

rFire    + . .     SeeInvis .   j - +2 short sword (venom)
rCold    + . .     Gourm    .   (no shield)
rNeg     . . .     Faith    .   (helmet restricted)
rPois    +         Spirit   .   (no amulet)
rElec    +         Reflect  .   (no ring)
rCorr    +         Harm     .   (no ring)
MR       .....                  (no ring)
Stlth    +++.......             (no ring)
HPRegen  0.08/turn              (no ring)
MPRegen  0.08/turn              (no ring)
                                (no ring)
                                (no ring)

@: lethally poisoned (-1 -> -4), resistant, flying
A: almost no armour, stealthy swim, amphibious, 8 rings, constrict 8, camouflage
1, gelatinous body 1
a: no special abilities


You were on level 2 of the Dungeon.
You were not hungry.

You visited 1 branch of the dungeon, and saw 2 of its levels.

You collected 62 gold pieces.

Inventory:

Hand Weapons
 a - a +0 short sword
 i - a +1 dagger of speed
 j - a +2 short sword of venom (weapon)
 m - a cursed -2 dagger
Jewellery
 e - an uncursed ring of see invisible {unknown}
Scrolls
 c - 2 scrolls of identify {unknown}
 f - 2 scrolls of fog {unknown}
 g - a scroll of enchant weapon
 h - a scroll of remove curse
Potions
 d - 2 potions of degeneration
 k - a potion of heal wounds {unknown}
 l - a potion of flight
 o - a potion of might {unknown}
Comestibles
 b - 4 rations


   Skills:
 + Level 3.2 Fighting
 + Level 3.4 Short Blades
 + Level 3.3 Dodging
 + Level 3.1 Stealth


You had 2 spell levels left.
You didn't know any spells.
Your spell library was empty.

Dungeon Overview and Level Annotations

Branches:
Dungeon (2/15)

Altars:


Innate Abilities, Weirdness & Mutations

You cannot wear most types of armour.
You are very stealthy in the water. (Stealth+)
You are amphibious.
You can wear up to eight rings at the same time.
You can use your tentacles to constrict eight enemies at once.
Your skin changes colour to match your surroundings (Stealth+).
Your rubbery body absorbs attacks. (AC +1, EV +1)


Message History

You are too injured to fight recklessly!
You are too injured to fight recklessly!
You are too injured to fight recklessly!
You are too injured to fight recklessly!
You are too injured to fight recklessly!
You are too injured to fight recklessly!
You are too injured to fight recklessly!
You are too injured to fight recklessly!
You are too injured to fight recklessly!
You are too injured to fight recklessly!
It was a potion of degeneration.
There was something very wrong with that liquid.
You feel weakened.
You feel dopey.
You feel clumsy.
It was a potion of flight.
You feel very buoyant.
You fly up into the air.
The worm misses you.
It was a potion of resistance.
You feel protected.
You feel sick. The worm bites you!
You die...

#...# #.. #...# #.#
#...# ##### #.# #
#...###...## #.# #
..#####...##.....###.###
....................†...
...........$....†..#.##.
......w........$...#.##.
######@..##.....#.#.##.
#......#..<##.#.##.
#....#.##.###.#.##.
#.w..#.##..........
#..K...########.###
#..!....# #....
#.......# #####
#.......# #. ......#.#
#.


You could see 2 worms and a kobold.

Vanquished Creatures
  An adder (D:2)
  5 hobgoblins
  4 bats
  5 goblins
  2 kobolds
  2 rats (D:2)
19 creatures vanquished.

Notes
Turn   | Place    | Note
-------+----------+-------------------------------------------
     0 | D:1      | JustSomeDude the Octopode Monk began the quest for the Orb.
     0 | D:1      | Reached XP level 1. HP: 16/16 MP: 1/1
   188 | D:1      | Reached XP level 2. HP: 21/21 MP: 2/2
   680 | D:2      | Reached XP level 3. HP: 17/26 MP: 3/3
   686 | D:2      | Slain by a worm

Skill      XL: |  1  2 |
---------------+-------+-----
Stealth        | 3 |  3.1
Fighting       | |  3.2
Short Blades   | |  3.4
Dodging        | |  3.3

Action                   || total
-------------------------++-------
Melee: Dagger            ||    15
       Short sword       ||    19
       Constrict         ||     6
       Tentacles         ||     5
  Use: Scroll            ||     2
       Potion            ||     3
 Stab: Sleeping          ||     6
Armor: Skin              ||     5
Dodge: Dodged            ||    13
